 Dungeon Crawl Stone Soup version 0.21-a0-417-g0adc95b (webtiles) character file.

0 theanonym the Skirmisher (level 1, 0/18 HPs)
             Began as a Formicid Abyssal Knight on Nov 4, 2017.
             Was an Initiate of Lugonu.
             Slain by a hobgoblin (3 damage)
             ... on level 1 of the Dungeon.
             The game lasted 00:00:45 (170 turns).

theanonym the Skirmisher (Formicid Abyssal Knight)   Turns: 170, Time: 00:00:45

Health: 0/18       AC:  3    Str: 16    XL:     1   Next: 11%
Magic:  2/2        EV: 11    Int: 11    God:    Lugonu [......]
Gold:   4          SH:  0    Dex: 10    Spells: 0/0 levels left

rFire    . . .     SeeInvis +   a - +1 hand axe
rCold    . . .     Gourm    .   (no shield)
rNeg     . . .     Faith    .   b - +0 leather armour
rPois    .         Spirit   .   (helmet unavailable)
rElec    .         Reflect  .   (no cloak)
rCorr    .         Harm     .   (no gloves)
MR       .....                  (no boots)
Stlth    +.........             (no amulet)
HPRegen  0.06/turn              (no ring)
MPRegen  0.08/turn              (no ring)

@: no status effects
A: permanent stasis, dig shafts and tunnels, four strong arms, antennae 3
a: Dig, Shaft Self, Renounce Religion


You were on level 1 of the Dungeon.
You worshipped Lugonu.
Lugonu was noncommittal.
You were not hungry.

You visited 1 branch of the dungeon, and saw 1 of its levels.
You visited the Abyss 1 time.

You collected 4 gold pieces.

Inventory:

Hand Weapons
 a - a +1 hand axe (weapon)
Armour
 b - a +0 leather armour (worn)
Scrolls
 d - a scroll of enchant armour {unknown}
Comestibles
 c - a bread ration


   Skills:
 + Level 3.2 Fighting
 * Level 2.0 Axes
 + Level 2.2 Armour
 + Level 0.8 Dodging
 + Level 2.2 Invocations


You couldn't memorise any spells.
You didn't know any spells.

Dungeon Overview and Level Annotations

Branches:
Dungeon (1/15)

Altars:


Innate Abilities, Weirdness & Mutations

You cannot be hasted, slowed, berserked, paralysed or teleported.
You can dig through walls and to a lower floor.
Your four strong arms can wield two-handed weapons with a shield.
You have a pair of large antennae on your head. (SInv)


Message History

Welcome, theanonym the Formicid Abyssal Knight.
Will you prevail where others failed? Will you find the Orb of Zot?
Lugonu says: Depart the Abyss and spread corruption, my servant! (use the ability menu to exit the Abyss)
Found a corrupted altar of Lugonu.
Okay, then.
Unknown command.
Press < or > to pray at altars.
Unknown command.
Press < or > to pray at altars.
Found a sparkling altar of Nemelex Xobeh.
There is a sparkling altar of Nemelex Xobeh here.
You sense a monster nearby.
d - a scroll labeled INGER FETE You now have 4 gold pieces.
A tentacled starspawn comes into view.
A tentacled starspawn is nearby!
An orange demon comes into view.
Tentacles burst from the starspawn's body! 2 starspawn tentacles come into view.
You pass through the gate.
You can no longer depart the Abyss at will.
A leopard gecko comes into view.
The kobold shouts!
The leopard gecko hisses angrily.
Found a sedimented puce potion and 26 stones.
There is a staircase leading out of the dungeon here.
You now have 1/2 mp.
Unknown command.
Okay, then.
No reachable target in view!
No reachable target in view!
No reachable target in view!
A leopard gecko is nearby!
No reachable target in view!
You see here a sedimented puce potion.
A dart slug comes into view.
Found a brown potion.
A kobold comes into view.
The kobold shouts!
The dart slug launches a dart at you. The slug dart hits you!
You take 6 damage, and have 12/18 hp.
MASSIVE DAMAGE!!
The dart slug bites you but does no damage.
You hit the dart slug but do no damage. The dart slug bites you.
* * * LOW HITPOINT WARNING * * *
A leopard gecko and a hobgoblin come into view.
You take 3 damage, and have 9/18 hp.
You are too injured to fight recklessly!
You are too injured to fight recklessly!
You are too injured to fight recklessly!
You are too injured to fight recklessly!
You are too injured to fight recklessly!
You are too injured to fight recklessly!
You are too injured to fight recklessly!
You are too injured to fight recklessly!
The leopard gecko hisses angrily.
The hobgoblin shouts!
Found 24 stones.
You hit the kobold.
You kill the kobold!
Lugonu accepts your kill.
You hit the dart slug but do no damage. The dart slug bites you.
* * * LOW HITPOINT WARNING * * *
The dart slug misses you. The leopard gecko bites you.
* * * LOW HITPOINT WARNING * * *
Found a stone staircase leading down.
You take 7 damage, and have 3/18 hp.
MASSIVE DAMAGE!!
MP restored: 2 You are too injured to fight recklessly!
You closely miss the leopard gecko. You barely miss the leopard gecko.
You hit the dart slug. The leopard gecko closely misses you.
The leopard gecko barely misses you. The dart slug closely misses you.
You are too injured to fight recklessly!
You miss the leopard gecko. You hit the hobgoblin. You hit the dart slug.
You barely miss the leopard gecko. The leopard gecko misses you.
The leopard gecko barely misses you. The hobgoblin hits you.
You die...

.>.. ..K...{{. ...#
##≈≈≈≈≈≈≈## ...#
≈≈≈≈≈≈≈≈≈l# ...#
≈≈≈≈≈≈≈≈≈≈# ...####
≈≈.....≈≈≈# .......
≈.......≈≈#######...####
≈≈........#....l@l......
≈≈...<..!(#....w.g......
≈≈......................
##..........#####.!...(.
..#...#.##### ...#### #
#...#.# ...# #..#...#
...# #.###..# ...# #.
..##


You could see a dart slug, 2 leopard geckos and a hobgoblin.

Vanquished Creatures
  A kobold (D:1)
1 creature vanquished.

Vanquished Creatures (others)
  2 starspawn tentacles (Abyss:1)
2 creatures vanquished.

Grand Total: 3 creatures vanquished

Notes
Turn   | Place    | Note
-------+----------+-------------------------------------------
     0 | Abyss:1  | theanonym the Formicid Abyssal Knight began the quest for the Orb.
     0 | Abyss:1  | Reached XP level 1. HP: 18/18 MP: 2/2
    80 | Abyss:1  | Found a sparkling altar of Nemelex Xobeh.
   116 | Abyss:1  | Noticed a tentacled starspawn
   130 | Abyss:1  | Noticed an orange demon
   155 | D:1      | Escaped the Abyss
   168 | D:1      | HP: 3/18 [leopard gecko (5)]
   170 | D:1      | Slain by a hobgoblin

Vault maps used:
D:1:      dpeg_arrival_pond

Action                   || total
-------------------------++-------
Melee: Hand axe          ||     4
Invok: Depart the Abyss  ||     1
Armor: Leather armour    ||     1
Dodge: Dodged            ||     6

Table legend:
 A = Spawn XP
 B = Non-spawn XP
 C = Spawn XP percentage of total XP
 D = Spawn monster count
 E = Non-spawn monster count
 F = Spawn count percentage of total count
 G = Total turns spent on level
                    A         B        C        D         E        F      G
               +---------+---------+-------+---------+---------+-------+---------
         Total |       0 |       1 |   0.0 |       0 |       1 |   0.0 |   170
               +---------+---------+-------+---------+---------+-------+---------
           D:1 |       0 |       1 |   0.0 |       0 |       1 |   0.0 |    15
               +---------+---------+-------+---------+---------+-------+---------
